Get step-by-step instructions on how to execute this build order below. Start the game timer, and the build order will tick by so you can play in parallel with StarCraft on a second screen or mobile device.

Game Time

  0:00

Last Step

  N/A

Next Step

Upcoming Step



Don't want to look back and forth between 2 screens? Try out our Overwolf App, the Spawning Tool Build Advisor to get an in-game overlay with this build!

Complete Build Order

  14  0:30  Pylon  
  16  1:00  Gateway  
  17  1:20  Assimilator  
  18  1:40  Pylon  
  20  2:10  Cybernetics Core  
  21  2:30  Nexus  
  22  2:50  Mothership Core  모선핵 사도(시증) 융화소 차관 업
  27  4:10  Pylon  
  29  4:50  Twilight Council  
  29  5:00  Gateway  
  29  5:05  Gateway  
  35  5:40  Assimilator  공명파열포(시증)
  39  6:40  Gateway  
  39  6:45  Gateway  
  39  6:50  Gateway  
  39  6:55  Gateway  
  39  7:00  Gateway